 Dungeon Crawl Stone Soup version 0.31-a0-705-ga145531891 (webtiles) character file.

Game seed: 478642822807494801

1298 Ofeo the Changeling (level 8, -6/63 HPs)
             Began as a Demonspawn Shapeshifter on Sept 10, 2023.
             Was a Follower of Uskayaw.
             Shot with an arrow by a centaur (8 damage)
             ... on level 6 of the Dungeon.
             The game lasted 00:07:22 (5773 turns).

Ofeo the Changeling (Demonspawn Shapeshifter)       Turns: 5773, Time: 00:07:22

Health: -6/63      AC:  6    Str: 19    XL:     8   Next: 31%
Magic:  8/8        EV: 13    Int: 15    God:    Uskayaw [*.....]
Gold:   192        SH:  0    Dex: 22    Spells: 7/7 levels left

rFire   . . .        n - +2 dagger (venom)
rCold   x . .        (no shield)
rNeg    . . .        g - +2 robe of Sorcery {rPois Str+4 Int+3}
rPois   +            (helmet currently unavailable)
rElec   .            (cloak currently unavailable)
rCorr   .            (gloves currently unavailable)
SInv    .            (boots currently unavailable)
Will    .....        (no amulet)
Stlth   ++           k - ring of Yluabbo {Wiz rPois rC- Will- Dex+8}
HPRegen 0.30/turn    s - ring of flight
MPRegen 0.11/turn

%: clarity, wizardry (x1)
@: beast-form, flying
A: beast (slay +4), rugged brown scales 2, ignite blood 1, horns 1, clarity,
screaming 1
a: Begin Untransformation, Renounce Religion, Stomp


You were on level 6 of the Dungeon.
You worshipped Uskayaw.
Uskayaw was noncommittal.
You were a hulking beast.
You visited 2 branches of the dungeon, and saw 7 of its levels.

You collected 192 gold pieces.

Inventory:

Hand Weapons
 n - a +2 dagger of venom (weapon)
Missiles
 j - a throwing net
Armour
 a - a +0 animal skin
 b - a +0 ring mail
 g - the +2 robe of Sorcery (worn) {rPois Str+4 Int+3}
   (You found it on level 2 of the Dungeon)

   Str+4:     It affects your strength (+4).
   Int+3:     It affects your intelligence (+3).
   rPois:     It protects you from poison
 o - a +1 pair of gloves
Jewellery
 k - the ring of Yluabbo (left hand) {Wiz rPois rC- Will- Dex+8}
   (You found it on level 2 of the Dungeon)

   [ring of wizardry]

   Wiz:       It improves your spell success rate.
   Dex+8:     It affects your dexterity (+8).
   rC-:       It makes you vulnerable to cold.
   rPois:     It protects you from poison Will-: It decreases your willpower.
 s - a ring of flight (right hand)
Talismans
 c - a beast talisman (active)
 d - a flux talisman
Wands
 e - a wand of flame (25)
 p - a wand of charming (9)
 q - a wand of digging (5) {@v1}
Scrolls
 f - a scroll of teleportation {@r3}
 i - 2 scrolls of identify {@r1}
 m - 2 scrolls of noise
Potions
 h - a potion of heal wounds {@q2}
 l - a potion of lignification
 r - a potion of magic {unknown}
 t - a potion of mutation


   Skills:
 + Level 3.8 Fighting
 - Level 2.7 Dodging
 - Level 3.4 Unarmed Combat
 - Level 7.8 Shapeshifting


You had 7 spell levels left.
You didn't know any spells.
Your spell library contained the following spells:

 Spells                   Type           Power      Damage    Failure   Level
 Ensorcelled Hibernation  Hex/Ice        0%         N/A       16%         2
 Jinxbite                 Hex            0%         N/A       16%         2
 Anguish                  Hex/Necr       0%         N/A       69%         4


Dungeon Overview and Level Annotations

Branches:
Dungeon (6/15)             Temple (1/1) D:5

Altars:
Ashenzari
Cheibriados
Dithmenos
Fedhas
Gozag
Hepliaklqana
Nemelex Xobeh
Okawaru
Qazlal
Ru
Sif Muna
Uskayaw
Vehumet
Wu Jian
Xom
Yredelemnul

Shops:
D:1 [

Annotations:
D:3 1 runed translucent door, Crazy Yiuf
D:4 3 runed translucent doors, LeprechaunX's ghost, amateur OpSh


Innate Abilities, Weirdness & Mutations

You are a hulking beast.
Your limbs bulge with bestial killing power. (Slay +4)
You are mostly covered in rugged brown scales. (AC +2, +5% HP)
Your demonic aura sometimes causes spilled blood to erupt in flames.
You have a pair of small horns on your head.
You possess an exceptional clarity of mind.
You occasionally shout uncontrollably at your foes.


Message History

The gnoll is severely wounded.
You kill the gnoll!
The gnoll hits you from afar with a +2 spear of pain.
* * * LOW HITPOINT WARNING * * *
The gnoll closely misses you.
You take 2 damage, and have 12/60 hp.
You kill the gnoll!
The orc throws a boomerang.
The boomerang closely misses you.
The orc throws a boomerang.
The boomerang closely misses you.
You can no longer pass through a line of other dancers.
You hit the scorpion.
The scorpion is poisoned.
You headbutt the scorpion.
The scorpion is heavily wounded.
The scorpion closely misses you.
You barely miss the scorpion. You headbutt the scorpion.
The scorpion is severely wounded.
The scorpion stings you but does no damage.
You can now pass through a line of other dancers.
The scorpion attacks as it pursues you! The scorpion misses you.
You kill the scorpion!
You can no longer pass through a line of other dancers.
The orc throws a boomerang.
The boomerang hits you but does no damage.
The centaur wields a +0 orcbow.
The centaur shoots an arrow.
The arrow misses you.
The centaur shoots an arrow.
The arrow hits you.
* * * LOW HITPOINT WARNING * * *
You take 4 damage, and have 14/63 hp.
The centaur shoots an arrow.
The arrow hits you!
* * * LOW HITPOINT WARNING * * *
You take 10 damage, and have 4/63 hp.
The orc throws a boomerang.
The boomerang hits you but does no damage.
The orc throws a boomerang.
The boomerang hits you.
* * * LOW HITPOINT WARNING * * *
The orc throws a boomerang.
The boomerang closely misses you.
The orc throws a boomerang.
The boomerang hits you.
* * * LOW HITPOINT WARNING * * *
You take 2 damage, and have 2/63 hp.
The centaur shoots an arrow.
The arrow hits you!
You die...

....oo...................#[.##
...##...........#######....##
.######.oc....### ##.### ##
##......# #..# #......# #.#
##......# .. ##.......### #.#
###...#......###....#
###...#####....h......#
##...### #...#######.# ...###
##.## #.## #.# #.## #.# ##.##
#.# ##.# #.# ###


You could see a centaur.

Vanquished Creatures
  An ice beast (D:5)
  A black bear (D:5)
  An ogre (D:5)
  2 phantoms
  3 scorpions
  3 jellies
  3 hounds
  A sleepcap (D:5)
  Jessica (D:2)
  Ijyb (D:5)
  Terence (D:2)
  4 iguanas (D:5)
  An orc wizard (D:3)
  Natasha (thrice) (D:3)
  6 gnolls
  5 adders
  A shadow imp (D:6)
  A white imp (D:5)
  3 worms
  6 dart slugs
  10 orcs
  3 ball pythons
  6 endoplasms
  4 giant cockroaches
  3 goblins
  5 hobgoblins
  6 kobolds
  4 quokkas
  4 bats
  A frilled lizard (D:1)
  3 rats
97 creatures vanquished.

Notes
Turn   | Place    | Note
-------+----------+-------------------------------------------
     0 | D:1      | Ofeo the Demonspawn Shapeshifter began the quest for the
                  | Orb.
     0 | D:1      | Reached XP level 1. HP: 15/15 MP: 1/1
    90 | D:1      | Found Kytaixt's Armour Shoppe.
   116 | D:1      | Gained mutation: You are partially covered in rugged brown
                  | scales. (AC +1, +3% HP) [demonic ancestry]
   116 | D:1      | Reached XP level 2. HP: 14/21 MP: 2/2
   599 | D:2      | Found an iron altar of Okawaru.
   699 | D:2      | Gained mutation: Your demonic aura sometimes causes spilled
                  | blood to erupt in flames. [demonic ancestry]
   699 | D:2      | Reached XP level 3. HP: 22/27 MP: 3/3
   783 | D:2      | Identified the +2 robe of Sorcery {rPois Str+4 Int+3}
   787 | D:2      | Noticed Terence
   807 | D:2      | Killed Terence
   808 | D:2      | Reached skill level 3 in Shapeshifting
   993 | D:2      | Reached XP level 4. HP: 30/33 MP: 4/4
  1268 | D:2      | Identified the ring of Yluabbo {Wiz rPois rC- Will- Dex+8}
  1287 | D:2      | Noticed Jessica
  1290 | D:2      | Killed Jessica
  1450 | D:2      | Found a faded altar of an unknown god.
  1479 | D:3      | Found a broken altar of Ashenzari.
  1866 | D:3      | Noticed Natasha
  1880 | D:3      | Killed Natasha
  1881 | D:3      | Reached XP level 5. HP: 15/40 MP: 5/5
  1974 | D:3      | Found a runed translucent door.
  1975 | D:3      | Noticed Crazy Yiuf
  2040 | D:3      | HP: 2/40 [poisoned by an orc wizard]
  2042 | D:3      | Gained mutation: You possess an exceptional clarity of
                  | mind. [potion of mutation]
  2042 | D:3      | Gained mutation: You occasionally shout uncontrollably at
                  | your foes. [potion of mutation]
  2042 | D:3      | Gained mutation: You have a pair of small horns on your
                  | head. [potion of mutation]
  2058 | D:3      | HP: 2/40 [poisoned by an orc wizard]
  2462 | D:3      | Noticed Natasha
  2473 | D:3      | Killed Natasha
  2474 | D:3      | Reached skill level 4 in Shapeshifting
  2538 | D:3      | Noticed Natasha
  2548 | D:3      | Killed Natasha
  2649 | D:3      | Noticed an ogre
  2928 | D:4      | Noticed a phantom
  2942 | D:4      | Killed a phantom
  2943 | D:4      | Reached XP level 6. HP: 41/47 MP: 6/6
  3012 | D:4      | Reached skill level 5 in Shapeshifting
  3718 | D:4      | Found a runed translucent gate.
  3718 | D:4      | Found a runed translucent gate.
  3718 | D:4      | Found a runed translucent gate.
  4023 | D:4      | Noticed LeprechaunX's ghost (amateur OpSh)
  4050 | D:5      | Entered Level 5 of the Dungeon
  4065 | D:5      | Reached XP level 7. HP: 52/52 MP: 7/7
  4093 | D:5      | Reached skill level 6 in Shapeshifting
  4375 | D:5      | Noticed Ijyb
  4387 | D:5      | Reached skill level 7 in Shapeshifting
  4398 | D:5      | Killed Ijyb
  4809 | D:5      | Gained mutation: You are mostly covered in rugged brown
                  | scales. (AC +2, +5% HP) [demonic ancestry]
  4809 | D:5      | Reached XP level 8. HP: 23/59 MP: 8/8
  5185 | D:5      | Found a staircase to the Ecumenical Temple.
  5455 | Temple   | Entered the Ecumenical Temple
  5475 | Temple   | Became a worshipper of Uskayaw the Reveller
  5616 | D:6      | Reached * piety under Uskayaw
  5650 | D:6      | Reached ** piety under Uskayaw
  5772 | D:6      | HP: 2/63 [orc/boomerang (3)]
  5773 | D:6      | Shot with an arrow by a centaur

Illustrated notes

Levels and vault maps discovered:
D:1:      saegor_arrival_simple_a, layout_rooms, serial_shops, shop,
          minivault_25
D:2:      layout_basic, hellmonk_ecumenical_altar_inner_sanctum, basic_altar,
          kennysheep_jessica_study, uniq_terence
D:3:      layout_basic, mainiacjoe_overflow_chevrons, lightli_corner_chamber,
          uniq_crazy_yiuf_cottage, uniq_natasha
D:4:      layout_basic, mainiacjoe_overflow_cross_hatched,
          ebering_ghost_rock_garden, kennysheep_generic_room_6
D:5:      layout_rooms, minmay_temple_entry_grid, roderic_serpentine_path,
          nicolae_titane, uniq_ijyb
D:6:      layout_layer_cave, mainiacjoe_overflow_surrounded_room
Temple:   nicolae_temple_elliptical

Skill      XL: |  1  2  3  4  5  6  7  8 |
---------------+-------------------------+-----
Dodging        | 2 |  2.7
Unarmed Combat | 3 |  3.4
Fighting       | 2 3 |  3.8
Shapeshifting  | 3 4 5 7 |  7.8

Action                     |  1- 3 |  4- 6 |  7- 9 || total
---------------------------+-------+-------+-------++-------
  Melee: Unarmed           |    98 |    88 |       ||   186
         Punch             |     1 |     1 |     2 ||     4
         Dagger            |       |    48 |    82 ||   130
         Headbutt          |       |    17 |    28 ||    45
  Evoke: Wand              |       |       |     6 ||     6
    Use: Potion            |     1 |     4 |     1 ||     6
         Scroll            |       |     5 |     2 ||     7
   Stab: Sleeping          |       |     4 |       ||     4
         Distracted        |       |     1 |       ||     1
 Armour: Animal skin       |     7 |       |       ||     7
         Ring mail         |    40 |       |       ||    40
         Skin              |     6 |       |       ||     6
         Robe              |     1 |    65 |    65 ||   131
  Dodge: Dodged            |    48 |    69 |    54 ||   171

Table legend: (Time is in decaauts)
 A = Elapsed time spent in this place.
 B = Non-inter-level travel time spent in this place.
 C = Inter-level travel time spent in this place.
 D = Time resting spent in this place.
 E = Time spent auto-exploring this place.
 F = Levels seen in this place.
 G = Mean time per level.
                   A        B        C        D        E       F      G
               +--------+--------+--------+--------+--------+-----+--------+
         Total |   5727 |   5555 |    172 |    535 |   4092 |   7 |  818.1 |
       Dungeon |   5696 |   5542 |    154 |    535 |   4092 |   6 |  949.3 |
        Temple |     30 |     12 |     18 |      0 |      0 |   1 |   30.0 |
               +--------+--------+--------+--------+--------+-----+--------+

Top non-repeatable levels by time:
     D:4: 1411 daAuts
     D:3: 1400 daAuts
     D:5: 1128 daAuts
     D:2: 902 daAuts
     D:1: 595 daAuts
     D:6: 260 daAuts
  Temple: 30 daAuts
